Map: Romanticide LE

Players

Vindicta - Winner!

  • Race: Terran Terran
  • League: Grandmaster

Namshar

  • Race: Zerg Zerg
  • League: Master

Event: DreamHack SC2 Masters 2021 Summer

VOD

Have the link to the VOD?

Description

Time

  • Played on: May 27, 2021, 5:39 p.m.
  • Length: 23:34

All games in this series

Show
View Real Time Build Order
Export as new Build Order

Vindicta Terran - Winner!

Build Orders: Reaper Expand, Hellion Banshee 

Get SALT Encoding   

  12  0:00  SCV  
  13  0:12  SCV  
  14  0:17  Supply Depot  
  14  0:24  SCV  
  15  0:38  SCV  
  15  0:40  Barracks  
  16  0:45  Refinery  
  16  0:50  SCV  
  17  1:03  SCV  
  18  1:15  SCV  
  19  1:27  Orbital Command  
  19  1:28  Reaper  
  20  1:41  Command Center  
  20  1:52  SCV, Supply Depot  
  21  2:00  Marine  
  22  2:05  SCV  
  23  2:15  Factory  
  23  2:17  SCV  
  24  2:22  Barracks Reactor  
  24  2:29  SCV  
  25  2:41  SCV, Command Center  
  26  2:53  SCV  
  26  2:55  Orbital Command  
  27  3:05  SCV  
  27  3:06  Hellion x2  
  27  3:10  Marine  
  33  3:15  Starport  
  33  3:17  SCV  
  34  3:21  SCV  
  35  3:28  Barracks Tech Lab  
  35  3:29  Hellion  
  35  3:31  Hellion  
  35  3:33  SCV  
  35  3:34  SCV  
  41  3:45  SCV  
  41  3:46  SCV  
  43  3:51  Hellion  
  43  3:53  Hellion  
  47  3:57  Orbital Command, SCV  
  47  3:58  SCV, Barracks Tech Lab  
  47  4:01  Banshee  
  52  4:06  Supply Depot  
  53  4:10  SCV x2  
  53  4:12  Hellion  
  53  4:15  Hellion  
  58  4:19  Refinery  
  58  4:22  SCV  
  58  4:23  SCV  
  60  4:24  SCV  
  60  4:32  Stimpack  
  60  4:34  SCV  
  60  4:35  SCV  
  60  4:36  SCV  
  63  4:38  Barracks  
  63  4:42  Barracks  
  63  4:45  Supply Depot  
  63  4:46  SCV  
  63  4:47  SCV, Factory Reactor  
  63  4:48  SCV  
  66  4:55  Engineering Bay, Marine  
  66  4:57  Engineering Bay  
  66  4:58  Refinery, SCV  
  66  4:59  Refinery, SCV  
  69  5:03  Orbital Command  
  69  5:07  Supply Depot  
  69  5:09  Supply Depot  
  69  5:10  SCV  
  69  5:11  SCV  
  69  5:13  Marine  
  72  5:18  Starport Reactor  
  72  5:22  SCV  
  72  5:23  SCV  
  72  5:27  Marine  
  77  5:30  Marine, Supply Depot  
  77  5:32  SCV, Barracks  
  77  5:33  Barracks  
  77  5:34  SCV  
  78  5:35  Marine  
  78  5:38  Factory Reactor  
  78  5:40  Marine  
  78  5:42  Marine  
  79  5:45  SCV x2  
  79  5:46  Terran Infantry Armor Level 1  
  79  5:47  Terran Infantry Weapons Level 1  
  79  5:48  Marine  
  79  5:49  Marine  
  83  5:51  Supply Depot  
  83  5:52  Supply Depot  
  83  5:53  SCV, Marine  
  83  5:55  Medivac  
  83  5:56  Medivac  
  90  5:57  SCV x2  
  90  5:59  Marine  
  90  6:00  Marine  
  90  6:03  Refinery  
  93  6:05  SCV  
  93  6:09  SCV x2  
  97  6:14  Armory, Supply Depot  
  97  6:15  Widow Mine  
  97  6:16  Widow Mine, Marine  
  97  6:17  SCV  
  103  6:20  Factory  
  103  6:21  SCV x2  
  103  6:22  Barracks Reactor  
  103  6:23  Barracks Reactor  
  104  6:26  Marine  
  104  6:29  SCV  
  106  6:33  SCV, Medivac  
  106  6:35  SCV  
  106  6:36  Marine x2  
  106  6:37  Supply Depot  
  106  6:39  Supply Depot  
  112  6:41  Widow Mine x2, SCV  
  117  6:47  Marine  
  59  6:54  Medivac  
  120  6:57  Marine  
  120  6:58  Marine x4  
  120  7:00  Marine x2, Supply Depot  
  120  7:01  Marine  
  128  7:03  Combat Shield  
  128  7:05  Drilling Claws, Marine  
  128  7:07  Widow Mine  
  131  7:14  Marine  
  130  7:16  Marine x3  
  130  7:17  Marine  
  130  7:19  Marine  
  130  7:20  Marine  
  130  7:22  Widow Mine, Medivac  
  128  7:23  Marine  
  128  7:24  Medivac  
  131  7:32  Marine  
  131  7:33  Marine  
  131  7:34  Marine x2  
  131  7:35  Marine  
  136  7:38  Widow Mine x2, Command Center, Supply Depot  
  136  7:39  Marine  
  136  7:42  Marine x2  
  142  7:47  Terran Infantry Armor Level 2  
  142  7:50  Widow Mine, Marine  
  146  7:51  Marine x2  
  146  7:53  Marine  
  146  7:57  Marine, Supply Depot  
  149  8:03  Widow Mine  
  151  8:08  Marine  
  151  8:09  Refinery  
  152  8:14  Thor  
  152  8:15  Missile Turret x2  
  152  8:16  Terran Infantry Weapons Level 2, Missile Turret  
  155  8:21  Widow Mine, Marine  
  155  8:26  Marine  
  148  8:27  Marine  
  148  8:30  Marine  
  148  8:32  Marine  
  148  8:33  Marine  
  144  8:34  Marine  
  144  8:37  Marine  
  144  8:40  Widow Mine  
  145  8:43  Marine x2  
  145  8:44  Marine  
  145  8:46  Widow Mine  
  145  8:48  Marine x2  
  150  8:50  Marine  
  150  8:51  Marine  
  150  8:53  Marine  
  151  8:57  Thor  
  151  9:01  Marine x2  
  151  9:02  Widow Mine  
  160  9:04  Marine x2  
  160  9:06  Marine x2  
  160  9:08  Marine  
  160  9:09  Marine  
  166  9:11  Marine  
  165  9:17  Widow Mine  
  165  9:19  Marine x2  
  165  9:22  Marine, Missile Turret  
  165  9:23  Widow Mine, Marine  
  165  9:24  Marine x2  
  170  9:28  Marine, Medivac x2  
  170  9:29  Marine  
  177  9:34  Marine  
  177  9:37  Marine  
  177  9:39  Widow Mine  
  177  9:43  Planetary Fortress  
  177  9:44  SCV  
  180  9:49  Supply Depot  
  180  9:50  Marauder, Thor  
  187  9:53  Marine  
  187  9:55  Marine  
  187  10:00  Barracks x2  
  187  10:07  Marine x2, Medivac x2, Supply Depot  
  187  10:09  Marine  
  187  10:12  Marauder  
  198  10:14  Widow Mine  
  198  10:24  Marine x3  
  198  10:28  Marine, Supply Depot  
  199  10:34  Widow Mine  
  199  10:35  Marine  
  196  10:37  Marine  
  196  10:38  Widow Mine, Marine  
  196  10:39  Marine x2  
  196  10:41  Marine  
  196  10:42  Widow Mine, Marine  
  194  10:46  Marine  
  194  10:47  Marine  
  185  10:52  Marine  
  185  10:54  SCV  
  185  10:55  Barracks Tech Lab  
  185  10:56  Widow Mine, Barracks Tech Lab  
  185  10:57  Marine x2  
  185  10:59  Widow Mine, Marine  
  185  11:00  Terran Infantry Weapons Level 3, Terran Infantry Armor Level 3  
  185  11:02  Thor  
  195  11:05  Marauder, Marine  
  195  11:06  Marine x2  
  200  11:16  Concussive Shells  
  199  11:21  Terran Vehicle And Ship Armor Level 1  
  197  11:26  Marauder, Marine  
  197  11:32  Command Center  
  200  11:49  Marauder  
  199  11:56  Marine x3  
  199  11:57  Marauder x2  
  199  11:58  Marine  
  199  11:59  Widow Mine  
  199  12:00  Marine  
  195  12:01  Widow Mine, Marine  
  195  12:03  Marine  
  195  12:05  Marine  
  195  12:06  Thor  
  195  12:08  Medivac  
  195  12:09  Medivac  
  195  12:14  Marine x3  
  190  12:16  Marine  
  190  12:17  Marine  
  190  12:18  Marauder x2, Marine  
  190  12:19  Marine  
  190  12:21  Widow Mine, Marine  
  198  12:23  Widow Mine, Marine  
  171  12:32  Marauder, Marine x2  
  171  12:34  Marine  
  171  12:35  Marine  
  171  12:36  Marine  
  171  12:37  Marine  
  150  12:39  Marauder x2, Marine  
  150  12:40  SCV  
  150  12:41  Marine  
  150  12:42  Widow Mine, SCV x2  
  150  12:43  SCV  
  159  12:46  Widow Mine  
  159  12:49  Marine, Planetary Fortress  
  159  12:50  Marine  
  161  12:52  SCV, Marine  
  161  12:53  Widow Mine, Marine  
  161  12:54  SCV x2  
  161  12:55  SCV  
  161  12:58  Marine  
  169  13:00  Marine  
  169  13:04  Widow Mine  
  169  13:05  Marine  
  165  13:07  Widow Mine  
  165  13:08  Marine  
  165  13:11  SCV  
  161  13:12  SCV  
  161  13:13  SCV x2, Missile Turret  
  161  13:14  Missile Turret  
  161  13:15  Widow Mine  
  161  13:17  Missile Turret  
  161  13:20  Marauder  
  161  13:23  SCV, Marine  
  161  13:24  SCV, Marauder  
  161  13:26  Widow Mine  
  170  13:27  Marine x2  
  170  13:29  Marauder, Marine  
  170  13:30  Marine  
  170  13:33  Marine  
  177  13:34  Medivac  
  177  13:36  Marine x2  
  177  13:41  Marine x2  
  171  13:45  Marauder, Marine x2  
  171  13:47  Marine  
  171  13:48  Marine  
  168  13:51  Marauder, Marine  
  168  13:52  Widow Mine  
  168  13:54  Marine x2  
  164  13:58  SCV x2  
  164  13:59  Marine  
  164  14:00  Widow Mine  
  164  14:01  Marine  
  163  14:02  Marine  
  163  14:04  SCV  
  163  14:06  Widow Mine, Marauder, Marine  
  163  14:08  Marine x2  
  167  14:13  Widow Mine, SCV  
  167  14:15  Marine  
  163  14:18  Marauder, Marine  
  163  14:19  Marine  
  163  14:21  Marine x2  
  168  14:25  Marine x2  
  168  14:26  Marine  
  168  14:28  Marine x2  
  168  14:30  SCV  
  174  14:32  Marine  
  174  14:35  Widow Mine, Marine  
  174  14:37  Marine  
  178  14:38  Marine x2  
  178  14:40  Marine  
  178  14:44  SCV  
  181  14:49  Marine x2  
  181  14:51  Widow Mine  
  187  14:53  Marine x2  
  187  14:54  Marine  
  187  14:55  Marine  
  187  14:59  Medivac  
  194  15:04  SCV x2  
  194  15:06  Missile Turret  
  192  15:07  Neosteel Armor, Missile Turret, Hi-Sec Auto Tracking  
  191  15:14  SCV  
  191  15:19  Marauder, Marine x3  
  191  15:20  Marauder, Marine  
  200  15:44  Marine  
  200  15:45  Marine  
  200  15:46  Widow Mine x2, Marine x4  
  200  15:47  Marine x3  
  200  15:48  Marine  
  200  15:49  Marine  
  188  15:51  Widow Mine  
  188  15:53  SCV x3  
  188  15:57  Medivac  
  193  16:02  Marine  
  193  16:03  Marine x2  
  196  16:04  Marine x3  
  196  16:05  Marine  
  196  16:09  Marine x2  
  182  16:11  Widow Mine  
  182  16:14  Marine x2  
  145  16:20  Widow Mine x2, Marine x2, Medivac  
  145  16:21  Marine  
  145  16:22  SCV x2, Marine x3, Command Center  
  159  16:27  Marauder  
  159  16:28  Marine x2  
  159  16:32  Marauder, Marine  
  168  16:33  Widow Mine  
  168  16:37  Marine  
  168  16:38  Marine  
  168  16:39  Marine x2  
  157  16:40  Marine x2  
  157  16:42  Widow Mine x2, Medivac  
  157  16:46  Marine x2  
  167  16:49  Marauder  
  167  16:50  Marine, Medivac  
  167  16:53  Marine  
  162  16:55  Marine  
  162  16:56  Marine  
  162  16:57  Marine  
  162  16:59  Marine  
  164  17:02  Widow Mine  
  164  17:05  Widow Mine  
  164  17:08  Supply Depot  
  168  17:12  Medivac  
  165  17:17  Widow Mine, Marauder x2, Marine x2  
  165  17:18  Marauder, Marine x5  
  165  17:22  Marine  
  168  17:33  Orbital Command  
  168  17:35  Widow Mine, Marine x3  
  168  17:36  Marine x4  
  175  17:38  SCV  
  175  17:39  Widow Mine x2, Marauder x2  
  175  17:40  Marauder  
  184  17:53  Liberator  
  184  17:58  Widow Mine  
  185  17:59  Marine x2  
  185  18:00  Widow Mine, Marauder x2  
  185  18:01  Marauder  
  185  18:03  Marine  
  193  18:07  SCV  
  193  18:11  Widow Mine  
  191  18:13  Marine  
  191  18:14  Marine  
  191  18:15  Marine x2  
  191  18:17  Marine  
  191  18:19  Marine  
  173  18:20  Marine  
  173  18:21  Marauder  
  173  18:22  Marauder x2, Marine  
  170  18:30  Medivac  
  170  18:31  Marine x2  
  170  18:32  Marine  
  172  18:36  Medivac  
  172  18:37  Marine x2  
  172  18:39  Marine  
  172  18:40  Marine  
  174  18:42  Marine  
  174  18:43  Marauder x2  
  174  18:44  Marauder  
  174  18:49  Marine x2  
  174  18:50  Marine  
  174  18:55  Marine x2  
  166  18:56  Marine  
  166  18:58  Marine  
  166  19:00  Marine  
  168  19:04  Marauder x2  
  168  19:05  Marauder, Command Center  
  168  19:07  Widow Mine, Marine x2  
  168  19:08  Marine  
  172  19:13  SCV x2, Marine x2  
  172  19:14  Marine  
  172  19:16  Widow Mine x2  
  179  19:18  Marine  
  179  19:23  Marine  
  178  19:24  Marine  
  178  19:26  Marauder x2  
  178  19:27  Marauder  
  178  19:29  Marine x2  
  178  19:31  Marine x2  
  185  19:32  Marine  
  185  19:34  Widow Mine  
  182  19:39  Widow Mine, Marine  
  182  19:41  Marine  
  182  19:42  Marine  
  180  19:47  Marauder x2, Marine x2  
  180  19:48  Marauder, Marine x2  
  180  19:49  Widow Mine  
  180  19:52  Marine  
  180  19:56  Widow Mine, Marine  
  181  20:00  Widow Mine  
  181  20:01  Marine  
  174  20:07  Marine  
  174  20:08  Marauder, Marine  
  174  20:09  Marauder x2, Marine x2  
  174  20:11  Widow Mine, Marine  
  174  20:14  Marine x2  
  174  20:17  Widow Mine  
  174  20:18  Medivac  
  174  20:19  Marine  
  179  20:21  Widow Mine  
  179  20:25  Marine x2  
  179  20:27  Marine  
  179  20:28  Marine  
  185  20:29  Marine  
  185  20:30  Marauder x2  
  185  20:31  Marauder  
  185  20:32  Widow Mine, Marine x2  
  196  20:37  Marine  
  196  20:39  Widow Mine  
  184  20:43  Widow Mine, Marine x2  
  184  20:45  Marine  
  184  20:46  Marine, Medivac  
  184  20:47  Marine  
  191  20:50  Marine x2  
  191  20:51  Refinery, Marauder x2  
  191  20:52  Refinery, Marauder  
  191  20:54  Marine  
  200  21:07  Orbital Command  
  200  21:08  Planetary Fortress  
  200  21:13  Marauder x2  
  200  21:14  Marauder  
  200  21:16  Orbital Command  
  188  21:21  Marine x2  
  188  21:22  Marine x4  
  188  21:23  Marine x2  
  160  21:26  Widow Mine x2  
  160  21:31  SCV x3  
  164  21:34  Marauder x2  
  164  21:35  Marauder  
  164  21:39  Marine x2  
  172  21:40  Marine x4, Missile Turret  
  172  21:41  Widow Mine, Marine x2, Missile Turret  
  180  21:47  Widow Mine  
  180  21:48  Widow Mine  
  180  21:51  Medivac  
  180  21:53  Medivac  
  173  21:55  Marauder x2  
  173  21:57  Marauder, Marine x2  
  173  21:58  Marine x3  
  184  22:03  Widow Mine  
  184  22:04  Marine x2  
  184  22:06  Marine  
  185  22:09  Widow Mine  
  185  22:14  Marine x2  
  189  22:16  Marine  
  189  22:17  Marauder x2  
  189  22:18  Marauder, Marine  
  189  22:20  Medivac  
  189  22:21  Marine  
  189  22:22  Marine x2  
  198  22:23  Medivac  
  198  22:27  Marine  
  198  22:28  Widow Mine  
  193  22:32  Marine x2  
  193  22:33  Marine  
  193  22:35  Widow Mine  
  186  22:38  Marauder x2  
  186  22:40  Marauder  
  186  22:42  Marine x2  
  186  22:44  Widow Mine  
  176  22:45  Marine  
  176  22:46  Marine x2  
  176  22:50  Marine x2, Medivac  
  178  22:51  Widow Mine, Marine  
  178  22:57  Widow Mine  
  183  22:59  Marauder  
  183  23:00  Marauder, Marine x2  
  183  23:01  Marauder  
  183  23:03  Marine x2  
  183  23:04  Marine  
  183  23:05  Widow Mine  
  185  23:08  Marine x2  
  185  23:09  Marine  
Show
View Real Time Build Order
Export as new Build Order

Namshar Zerg 

Build Orders: Hatch First, Muta Ling Bane 

Get SALT Encoding   

  12  0:00  Drone  
  13  0:12  Overlord  
  13  0:17  Drone  
  14  0:30  Drone  
  14  0:31  Drone  
  16  0:47  Hatchery  
  15  0:50  Drone  
  15  0:54  Drone  
  17  0:57  Drone  
  18  1:08  Extractor  
  17  1:13  Spawning Pool  
  17  1:16  Drone  
  17  1:19  Drone  
  18  1:27  Drone  
  19  1:38  Drone  
  20  1:49  Drone  
  21  1:59  Queen x2  
  21  2:00  Zergling x4  
  27  2:13  Hatchery  
  26  2:18  Overlord  
  26  2:21  Drone  
  27  2:25  Drone  
  27  2:37  Spore Crawler  
  27  2:39  Drone x3  
  30  2:44  Drone  
  30  2:46  Drone  
  30  2:47  Metabolic Boost  
  32  2:52  Overlord  
  32  2:56  Queen  
  34  2:59  Drone  
  35  3:11  Drone x2  
  37  3:13  Queen  
  37  3:18  Drone x3  
  37  3:19  Drone  
  43  3:23  Overlord  
  43  3:27  Queen  
  43  3:33  Drone  
  43  3:34  Drone x2  
  48  3:41  Queen  
  48  3:46  Drone, Overlord  
  51  3:49  Drone, Zergling x4  
  51  3:50  Drone  
  55  4:04  Zergling x4  
  55  4:06  Drone x3  
  60  4:10  Queen  
  60  4:11  Overlord x2  
  60  4:14  Drone x4  
  66  4:28  Overlord  
  66  4:29  Overlord  
  66  4:30  Drone x6  
  72  4:35  Overlord  
  72  4:36  Overlord  
  72  4:37  Drone  
  73  4:41  Evolution Chamber  
  73  4:43  Evolution Chamber  
  73  4:45  Drone x2  
  73  4:47  Queen  
  73  4:50  Extractor  
  73  4:51  Extractor  
  73  4:53  Drone x4  
  73  4:58  Drone x4  
  81  5:03  Drone x5  
  86  5:09  Extractor  
  86  5:10  Extractor, Zerg Ground Armor Level 1, Zerg Melee Weapons Level 1  
  84  5:29  Drone, Hatchery  
  84  5:30  Extractor, Drone x2  
  84  5:31  Drone, Lair, Overlord x2  
  86  5:36  Queen  
  88  5:43  Zergling x8  
  88  5:48  Drone  
  91  5:54  Overlord x2  
  91  5:55  Drone  
  92  5:57  Drone, Hatchery  
  92  6:00  Zergling x12, Baneling Nest  
  97  6:11  Zergling x16  
  106  6:18  Drone  
  106  6:25  Drone  
  107  6:29  Drone  
  107  6:31  Spire, Overseer  
  107  6:33  Hatchery, Pneumatized Carapace  
  107  6:36  Drone x8  
  114  6:49  Zergling x14  
  119  6:54  Baneling x8  
  119  6:55  Baneling  
  119  6:57  Queen  
  119  7:00  Zergling x2  
  119  7:01  Zergling x12  
  125  7:21  Drone x11  
  130  7:26  Zerg Ground Armor Level 2, Zerg Melee Weapons Level 2  
  130  7:28  Overseer  
  130  7:37  Overlord x2  
  130  7:38  Overlord x3  
  130  7:42  Drone x3  
  133  7:44  Drone, Overlord x2  
  133  7:45  Zerg Flyer Weapons Level 1  
  133  7:46  Mutalisk x2  
  133  7:48  Centrifical Hooks  
  133  7:50  Overseer  
  134  8:09  Zergling x18  
  134  8:10  Zergling x14  
  146  8:14  Zergling x2  
  146  8:15  Zergling x10  
  143  8:25  Zergling x10  
  139  8:32  Mutalisk x6  
  145  8:44  Mutalisk x6  
  145  8:46  Baneling x6  
  157  8:53  Mutalisk  
  147  9:02  Zergling x20  
  146  9:05  Zergling x2  
  146  9:06  Zergling x4  
  149  9:10  Baneling  
  149  9:11  Baneling x3  
  149  9:14  Zergling x2  
  149  9:15  Zergling x18  
  159  9:21  Zergling x6  
  159  9:22  Baneling x3  
  159  9:23  Baneling x2  
  160  9:24  Zergling x2  
  160  9:27  Zergling x4  
  163  9:32  Queen x2  
  163  9:34  Zergling x8  
  163  9:38  Baneling x2  
  171  9:40  Zerg Flyer Weapons Level 2  
  171  9:41  Infestation Pit  
  171  9:43  Baneling  
  171  9:44  Baneling x11  
  170  9:46  Zergling x8  
  170  9:47  Zergling x8  
  170  9:50  Overseer  
  175  9:53  Zergling x2  
  175  9:54  Zergling x18  
  175  9:57  Zergling x4  
  187  10:03  Mutalisk x3  
  193  10:08  Queen x3  
  193  10:09  Zergling x2  
  198  10:15  Zergling x2  
  198  10:16  Zergling x2  
  198  10:20  Baneling x9  
  200  10:22  Zergling x2  
  188  10:38  Zergling x30  
  188  10:41  Zergling x2  
  179  10:50  Baneling x8, Zergling x16  
  186  10:59  Hive, Overlord x3  
  186  11:03  Baneling x8  
  186  11:04  Baneling x2  
  186  11:08  Baneling  
  186  11:09  Baneling x3  
  186  11:20  Extractor  
  186  11:21  Extractor  
  184  11:27  Hatchery  
  180  11:38  Zergling x28  
  180  11:39  Zergling x12  
  195  11:56  Zergling x18  
  195  11:59  Zergling x8  
  198  12:04  Zergling x12  
  198  12:06  Baneling x9  
  183  12:17  Zergling x6  
  183  12:18  Zergling x18  
  183  12:20  Hatchery  
  183  12:21  Zergling x10  
  197  12:28  Zergling x6  
  153  12:37  Mutalisk  
  153  12:38  Mutalisk x13  
  153  12:41  Baneling x7  
  153  12:42  Zergling x6  
  153  12:43  Baneling x6  
  153  12:44  Baneling x2  
  179  12:46  Baneling  
  176  12:51  Zergling x2  
  176  12:52  Zergling x16  
  176  12:58  Zergling x6  
  186  13:01  Zergling x2  
  182  13:09  Zergling x8  
  182  13:16  Baneling  
  182  13:18  Hatchery  
  181  13:20  Hatchery, Extractor  
  181  13:21  Extractor  
  181  13:26  Zerg Melee Weapons Level 3, Zerg Ground Armor Level 3  
  181  13:27  Overseer  
  177  13:28  Zergling x20  
  186  13:36  Baneling x5  
  184  13:43  Zergling x2  
  184  13:44  Zergling x18  
  187  13:51  Zergling x2  
  187  13:52  Zergling x12  
  168  14:11  Hatchery  
  156  14:18  Mutalisk x6  
  156  14:20  Zergling x14  
  156  14:22  Adrenal Glands  
  173  14:31  Zergling x2  
  173  14:32  Zergling x10  
  173  14:37  Zerg Flyer Weapons Level 3  
  175  14:49  Zergling x14  
  179  14:56  Baneling x8  
  178  15:00  Drone x8  
  186  15:09  Ultralisk Cavern  
  186  15:13  Drone x3  
  186  15:14  Drone x3  
  190  15:19  Hatchery  
  190  15:21  Baneling x2  
  190  15:26  Zergling x8  
  190  15:27  Zergling x14  
  199  15:30  Overseer  
  199  15:33  Drone  
  168  15:50  Zergling x16  
  168  15:51  Zergling x6  
  179  16:04  Zergling x24  
  168  16:11  Zergling x18  
  156  16:18  Zergling x16  
  156  16:24  Chitinous Plating  
  164  16:26  Ultralisk  
  168  16:40  Baneling  
  168  16:41  Baneling x4  
  168  16:49  Zergling x10, Ultralisk  
  168  16:51  Hatchery  
  173  17:05  Ultralisk x2  
  184  17:11  Drone x5  
  184  17:13  Queen  
  189  17:17  Drone x2  
  188  17:23  Mutalisk x3  
  188  17:29  Baneling  
  190  17:30  Baneling x6  
  190  17:32  Overseer x2  
  190  17:33  Zerg Flyer Armor Level 1  
  190  17:41  Baneling  
  190  17:42  Baneling  
  190  17:43  Anabolic Synthesis  
  190  17:45  Zergling x18  
  190  17:47  Baneling x3  
  199  17:57  Zergling x14  
  197  18:08  Baneling x7  
  197  18:10  Zergling x6  
  162  18:20  Zergling x4, Ultralisk x2  
  169  18:31  Zergling x8, Ultralisk  
  171  18:41  Baneling  
  171  18:42  Baneling x3  
  168  18:48  Zergling x2  
  168  18:49  Zergling x20  
  177  19:00  Zergling x14, Ultralisk  
  184  19:03  Baneling x5  
  184  19:09  Overseer  
  174  19:10  Overseer  
  174  19:16  Zergling x12  
  178  19:18  Baneling x3  
  178  19:31  Baneling x6  
  164  19:47  Zergling x4, Ultralisk  
  164  19:49  Mutalisk x4, Zergling x2  
  170  19:56  Zergling x2  
  170  19:57  Zergling x12  
  171  20:24  Hatchery  
  171  20:25  Zergling x18  
  171  20:26  Baneling x8  
  171  20:27  Baneling x2  
  170  20:43  Zergling x18  
  170  20:48  Baneling x5  
  179  21:02  Zergling x4  
  180  21:06  Hatchery  
  175  21:18  Zergling x18  
  149  21:30  Mutalisk x7  
  158  21:35  Overseer  
  158  21:36  Overseer  
  158  21:39  Spore Crawler  
  156  21:43  Zergling x8  
  156  21:44  Baneling x2  
  152  21:55  Zergling x2  
  152  21:56  Zergling x14  
  152  21:58  Drone x2  
  143  22:16  Zergling x18  
  142  22:33  Hatchery  
  137  22:37  Zergling x2  
  137  22:38  Zergling x6  
  117  22:48  Zergling x10  
  110  22:56  Baneling x2  
  110  22:57  Baneling x5  
  109  23:02  Zergling x16  
  94  23:16  Zergling x14  
Tags
 
Add a new tag
Caveats
  • Supply blocks, unpowered buildings, or Contaminate may cause inaccurate times.
  • Supply counts are checked every 10 seconds.